 Dungeon Crawl Stone Soup version 0.31-a0-1589-g8f5e8aebd6 (webtiles) character file.

Game seed: 11475600506152541885

1306 CougarLife the Ruffian (level 8, -2/61 HPs)
             Began as a Gnoll Shapeshifter on Jan 5, 2024.
             Was an Initiate of Okawaru.
             Slain by a gnoll
             ... wielding a +0 flail
             ... led by a gnoll sergeant
              (7 damage)
             ... on level 6 of the Dungeon.
             The game lasted 00:10:29 (5369 turns).

CougarLife the Ruffian (Gnoll Shapeshifter)         Turns: 5369, Time: 00:10:29

Health: -2/61      AC:  4    Str: 16    XL:     8   Next: 57%
Magic:  13/13      EV: 13    Int: 10    God:    Okawaru [......]
Gold:   150        SH:  0    Dex: 11    Spells: 14/14 levels left

rFire   + .          .
                       - Unarmed
rCold   + + .        (no shield)
rNeg    . . .        u - +2 robe {rC+ rF+}
rPois   .            (helmet currently unavailable)
rElec   .            (cloak currently unavailable)
rCorr   .            (gloves currently unavailable)
SInv    .            (boots currently unavailable)
Will    .....        (no amulet)
Stlth   ++           r - ring of protection from cold
HPRegen 0.30/turn    (no ring)
MPRegen 0.13/turn

%: no passive effects
@: beast-form
A: beast (slay +4), fangs 1, strong nose, distributed training
a: Begin Untransformation, Renounce Religion


You were on level 6 of the Dungeon.
You worshipped Okawaru.
Okawaru was noncommittal.
You were a hulking beast.
You visited 2 branches of the dungeon, and saw 7 of its levels.

You collected 150 gold pieces.

Inventory:

Missiles
 j - 6 boomerangs (quivered)
Armour
 u - a +2 robe of resistance (worn)
Jewellery
 r - a ring of protection from cold (left hand)
Talismans
 c - a beast talisman (active)
 d - a flux talisman
Wands
 t - a wand of flame (19)
Scrolls
 f - 2 scrolls of amnesia {unknown}
 g - 2 scrolls of immolation {unknown}
 i - 2 scrolls of enchant weapon {unknown}
 k - 4 scrolls of identify {unknown}
 m - 3 scrolls of teleportation {unknown}
 o - a scroll of silence {unknown}
 p - a scroll of poison {unknown}
 v - a scroll of revelation {unknown}
 y - a scroll of blinking {unknown}
Potions
 a - 2 potions of heal wounds {unknown}
 b - a potion of lignification
 e - a potion of enlightenment {unknown}
 h - a potion of resistance {unknown}
 l - a potion of brilliance {unknown}
 n - 3 potions of curing {unknown}
 q - 2 potions of attraction {unknown}
 s - a potion of degeneration {unknown}
 w - a potion of magic {unknown}
 x - a potion of mutation {unknown}


   Skills:
 + Level 4.4 Fighting
 + Level 3.5 Short Blades
 + Level 3.5 Long Blades
 + Level 3.5 Axes
 + Level 3.5 Maces & Flails
 + Level 3.5 Polearms
 + Level 3.5 Staves
 + Level 3.5 Ranged Weapons
 + Level 3.5 Throwing
 + Level 3.5 Armour
 + Level 5.8 Dodging
 + Level 3.5 Stealth
 + Level 3.5 Shields
 + Level 7.5 Unarmed Combat
 + Level 3.5 Spellcasting
 + Level 2.9 Conjurations
 + Level 2.9 Hexes
 + Level 2.9 Summonings
 + Level 2.9 Necromancy
 + Level 2.9 Translocations
 + Level 2.9 Fire Magic
 + Level 2.9 Ice Magic
 + Level 2.9 Air Magic
 + Level 2.9 Earth Magic
 + Level 2.9 Alchemy
 + Level 3.9 Invocations
 + Level 3.5 Evocations
 + Level 7.3 Shapeshifting


You had 14 spell levels left.
You didn't know any spells.
Your spell library was empty.

Dungeon Overview and Level Annotations

Branches:
Dungeon (6/15)             Temple (1/1) D:5

Altars:
Ashenzari
Cheibriados
Dithmenos
Elyvilon
Fedhas
Gozag
Hepliaklqana
Kikubaaqudgha
Makhleb
Okawaru
Qazlal
Trog
Vehumet
Wu Jian
Xom
Zin

Shops:
D:2 =   D:5 =


Innate Abilities, Weirdness & Mutations

You are a hulking beast.
Your limbs bulge with bestial killing power. (Slay +4)
You have very sharp teeth.
Your uncanny sense of smell can sniff out nearby items.
Your experience applies equally to all skills.


Message History

Aim: a gnoll sergeant, wielding a +3 trident of protection, wearing a +0 ring mail and quivering stones (lightly wounded, 69% to hit)
You throw a boomerang.
The boomerang barely misses the gnoll sergeant.
The gnoll shouts!
The gnoll barely misses you.
The gnoll sergeant hits you from afar with a +3 trident of protection!
The gnoll hits you from afar with a +0 spear.
The gnoll sergeant hits you with a +3 trident of protection.
The gnoll hits you with a +0 spear.
You barely miss the gnoll sergeant.
The gnoll sergeant is lightly wounded.
The gnoll sergeant hits you with a +3 trident of protection!
You punch the gnoll sergeant! You bite the gnoll sergeant.
The gnoll sergeant is heavily wounded.
An iguana comes into view.
The gnoll hits you with a +0 spear.
Found a dagger.
The gnoll hits you with a +0 flail.
* * * LOW HITPOINT WARNING * * *
The gnoll barely misses you.
The gnoll sergeant hits you with a +3 trident of protection.
* * * LOW HITPOINT WARNING * * *
The iguana hisses angrily.
You hit the gnoll sergeant. You bite the gnoll sergeant.
The gnoll sergeant is severely wounded.
The gnoll barely misses you. The gnoll hits you but does no damage.
The gnoll sergeant closely misses you.
You hit the gnoll sergeant but do no damage.
The gnoll sergeant is severely wounded.
The gnoll hits you with a +0 flail.
* * * LOW HITPOINT WARNING * * *
The gnoll barely misses you. The gnoll sergeant barely misses you.
You hit the gnoll sergeant but do no damage.
The gnoll sergeant is severely wounded.
The gnoll misses you. The gnoll completely misses you. The gnoll misses you.
The gnoll sergeant hits you with a +3 trident of protection!
* * * LOW HITPOINT WARNING * * *
You closely miss the gnoll sergeant.
The gnoll sergeant is severely wounded.
The gnoll hits you with a +0 flail!
You die...

##......g...b..
.######g#..##.......#.#
.#..f)f{......#...#... .
.#.######............#..
.f.# ##>..........?..
.### #............... g#
#.........l....# )#
#.......gg.....# .###
#.....bgh......# ...#
#.......g......# ##.##
###...<(.......##
##..####...............#
##.........##..###......
##.##..##.##..## ##....
......###.##.## ....
........).##.# ..)
.............#


You could see a gnoll sergeant, an iguana and 3 gnolls.

Vanquished Creatures
  Sigmund (D:3)
  A water moccasin (D:6)
  A black bear (D:5)
  An ogre (D:4)
  A centaur (D:6)
  2 bullfrogs
  A scorpion (D:5)
  An orc priest (D:6)
  A hound (D:5)
  2 jellies (D:5)
  2 sleepcaps
  3 iguanas (D:4)
  4 orc wizards
  2 gnolls (D:6)
  10 adders
  A shadow imp (D:5)
  A white imp (D:6)
  4 ufetubi (D:5)
  2 dart slugs
  3 ribbon worms
  9 orcs
  2 endoplasms
  3 giant cockroaches
  7 goblins
  4 hobgoblins
  11 jackals
  3 quokkas
  5 ball pythons
  5 bats
  9 frilled lizards
  6 kobolds
  A rat (D:2)
  A butterfly (D:6)
110 creatures vanquished.

Notes
Turn   | Place    | Note
-------+----------+-------------------------------------------
     0 | D:1      | CougarLife the Gnoll Shapeshifter began the quest for the
                  | Orb.
     0 | D:1      | Reached XP level 1. HP: 17/17 MP: 1/1
   164 | D:1      | Reached XP level 2. HP: 23/23 MP: 2/2
   457 | D:2      | Reached XP level 3. HP: 15/28 MP: 2/4
   481 | D:2      | Reached skill level 1 in Invocations
   728 | D:2      | Found Viodajey's Jewellery Emporium.
   789 | D:2      | Reached skill level 1 in Short Blades
   789 | D:2      | Reached skill level 1 in Long Blades
   789 | D:2      | Reached skill level 1 in Axes
   789 | D:2      | Reached skill level 1 in Maces & Flails
   789 | D:2      | Reached skill level 1 in Polearms
   789 | D:2      | Reached skill level 1 in Staves
   789 | D:2      | Reached skill level 1 in Ranged Weapons
   789 | D:2      | Reached skill level 1 in Throwing
   789 | D:2      | Reached skill level 1 in Armour
   789 | D:2      | Reached skill level 1 in Stealth
   789 | D:2      | Reached skill level 1 in Shields
   789 | D:2      | Reached skill level 1 in Spellcasting
   789 | D:2      | Reached skill level 1 in Evocations
  1023 | D:2      | Reached XP level 4. HP: 28/34 MP: 5/5
  1279 | D:3      | You fall into a shaft and drop 1 floor!
  1339 | D:4      | Reached skill level 1 in Conjurations
  1339 | D:4      | Reached skill level 1 in Hexes
  1339 | D:4      | Reached skill level 1 in Summonings
  1339 | D:4      | Reached skill level 1 in Necromancy
  1339 | D:4      | Reached skill level 1 in Translocations
  1339 | D:4      | Reached skill level 1 in Fire Magic
  1339 | D:4      | Reached skill level 1 in Ice Magic
  1339 | D:4      | Reached skill level 1 in Air Magic
  1339 | D:4      | Reached skill level 1 in Earth Magic
  1339 | D:4      | Reached skill level 1 in Alchemy
  1456 | D:3      | Noticed a bullfrog
  1466 | D:3      | Killed a bullfrog
  1467 | D:3      | Reached XP level 5. HP: 34/41 MP: 5/7
  1770 | D:3      | Noticed Sigmund
  1787 | D:3      | Killed Sigmund
  1788 | D:3      | Reached skill level 5 in Dodging
  1788 | D:3      | Reached XP level 6. HP: 23/47 MP: 7/9
  2222 | D:4      | Reached XP level 7. HP: 33/52 MP: 10/10
  3166 | D:5      | Entered Level 5 of the Dungeon
  3502 | D:5      | Found Zuosupnoo's Jewellery Shop.
  3668 | D:5      | Reached XP level 8. HP: 60/60 MP: 12/12
  3700 | D:5      | Found a staircase to the Ecumenical Temple.
  3707 | Temple   | Entered the Ecumenical Temple
  3829 | Temple   | Became a worshipper of Warmaster Okawaru
  3982 | D:5      | Noticed a yak
  3982 | D:5      | Noticed a yak
  3982 | D:5      | Noticed a yak
  4445 | D:5      | Noticed a yak
  5369 | D:6      | Slain by a gnoll

Illustrated notes

Levels and vault maps discovered:
D:1:      co_arrival_square_in_a_square_in_a_square, layout_rooms,
          minmay_lizard_pond
D:2:      layout_basic, serial_shops, shop
D:3:      layout_loops_ring, chequers_decorated_corner, uniq_sigmund
D:4:      layout_loops_corners, hangedman_abyss_or_decor_stagger
D:5:      layout_loops_ring, minmay_temple_entry_overgrown, serial_shops,
          nicolae_diamond_shop, grunt_ministairs_10, kennysheep_dice
D:6:      layout_rooms, mainiacjoe_overflow_six_doors_small,
          hangedman_glass_garden, feat_on_display, uniq_crazy_yiuf_cottage
Temple:   eino_temple_scatter_basement

Skill      XL: |  1  2  3  4  5  6  7 |
---------------+----------------------+-----
Invocations    | 1 2 3 |  3.9
Short Blades   | 1 2 3 |  3.5
Long Blades    | 1 2 3 |  3.5
Axes           | 1 2 3 |  3.5
Maces & Flails | 1 2 3 |  3.5
Polearms       | 1 2 3 |  3.5
Staves         | 1 2 3 |  3.5
Ranged Weapons | 1 2 3 |  3.5
Throwing       | 1 2 3 |  3.5
Armour         | 1 2 3 |  3.5
Stealth        | 1 2 3 |  3.5
Shields        | 1 2 3 |  3.5
Spellcasting   | 1 2 3 |  3.5
Evocations     | 1 2 3 |  3.5
Conjurations   | 1 2 |  2.9
Hexes          | 1 2 |  2.9
Summonings     | 1 2 |  2.9
Necromancy     | 1 2 |  2.9
Translocations | 1 2 |  2.9
Fire Magic     | 1 2 |  2.9
Ice Magic      | 1 2 |  2.9
Air Magic      | 1 2 |  2.9
Earth Magic    | 1 2 |  2.9
Alchemy        | 1 2 |  2.9
Fighting       | 3 4 |  4.4
Dodging        | 5 |  5.8
Unarmed Combat | 7 |  7.5
Shapeshifting  | 7 |  7.3

Action                     |  1- 3 |  4- 6 |  7- 9 || total
---------------------------+-------+-------+-------++-------
  Melee: Unarmed           |    82 |    73 |   104 ||   259
         Bite              |     4 |     5 |     9 ||    18
         Punch             |     2 |     4 |     9 ||    15
  Throw: Boomerang         |       |     6 |    16 ||    22
  Evoke: Wand              |       |       |    20 ||    20
   Stab: Sleeping          |       |     2 |     5 ||     7
         Distracted        |       |     1 |       ||     1
 Armour: Animal skin       |    25 |    20 |       ||    45
         Skin              |    17 |       |       ||    17
         Robe              |       |     8 |    97 ||   105
  Dodge: Dodged            |    68 |    33 |    74 ||   175
   Form: Beast             |     1 |     1 |       ||     2
         Flux              |     1 |       |       ||     1

Table legend: (Time is in decaauts)
 A = Elapsed time spent in this place.
 B = Non-inter-level travel time spent in this place.
 C = Inter-level travel time spent in this place.
 D = Time resting spent in this place.
 E = Time spent auto-exploring this place.
 F = Levels seen in this place.
 G = Mean time per level.
                   A        B        C        D        E       F      G
               +--------+--------+--------+--------+--------+-----+--------+
         Total |   5341 |   5194 |    147 |   1201 |   2756 |   7 |  763.0 |
       Dungeon |   5200 |   5070 |    130 |   1101 |   2756 |   6 |  866.7 |
        Temple |    140 |    123 |     17 |    100 |      0 |   1 |  140.0 |
               +--------+--------+--------+--------+--------+-----+--------+

Top non-repeatable levels by time:
     D:5: 1530 daAuts
     D:4: 1195 daAuts
     D:2: 805 daAuts
     D:3: 747 daAuts
     D:6: 486 daAuts
     D:1: 434 daAuts
  Temple: 140 daAuts
